 Dungeon Crawl Stone Soup version 0.20.1-1-g8b1a95d (webtiles) character file.

103 Lanoc the Bolt Thrower (level 4, 0/36 HPs)
             Began as a Barachi Hunter on Nov 29, 2017.
             Slain by a gnoll
             ... wielding a +0 spear
              (2 damage)
             ... on level 2 of the Dungeon.
             The game lasted 00:04:29 (1240 turns).

Lanoc the Bolt Thrower (Barachi Hunter)             Turns: 1240, Time: 00:04:30

Health: 0/36       AC:  3    Str: 14    XL:     4   Next: 79%
Magic:  4/4        EV: 13    Int: 11    God:
Gold:   119        SH:  0    Dex: 13    Spells: 3/3 levels left

rFire    . . .     SeeInvis .   b - +0 short sword
rCold    . . .     Gourm    .   (no shield)
rNeg     . . .     Faith    .   c - +0 leather armour
rPois    .         Spirit   .   (no helmet)
rElec    .         Reflect  .   (no cloak)
rCorr    .         Harm     .   (no gloves)
MR       .....                  (no boots)
Stlth    +.........             (no amulet)
Regen    0.2/turn               (no ring)
MPRegen  0.1/turn               (no ring)

@: can't hop, slow
A: +LOS, swims, slowness 1, strong legs 1
a: Hop


You were on level 2 of the Dungeon.
You were hungry.

You visited 1 branch of the dungeon, and saw 2 of its levels.

You collected 119 gold pieces.

Inventory:

Hand Weapons
 a - a +1 hand crossbow
 b - a +0 short sword (weapon)
Armour
 c - a +0 leather armour (worn)
Jewellery
 e - an uncursed ring of protection from fire {unknown}
Scrolls
 g - 2 scrolls of teleportation {unknown}
 h - a scroll of amnesia {unknown}
 i - 2 scrolls of identify {unknown}
 k - a scroll of remove curse {unknown}
 m - a scroll of fear {unknown}
 o - a scroll of magic mapping {unknown}
 q - a scroll of recharging {unknown}
 r - a scroll of noise {unknown}
Potions
 j - a potion of invisibility {unknown}
 p - a potion of curing {unknown}
Comestibles
 f - 3 bread rations
 l - 2 royal jellies
 n - 2 meat rations


   Skills:
 + Level 3.6 Fighting
 * Level 5.1 Crossbows
 + Level 3.1 Dodging
 - Level 0.8 Stealth


You had 3 spell levels left.
You didn't know any spells.

Dungeon Overview and Level Annotations

Branches:
Dungeon (2/15)

Altars:


Innate Abilities, Weirdness & Mutations

Shadows flee at your approach. (+LOS)
You can swim through water.
You cover ground slowly.
You can hop short distances.


Message History

You shoot a bolt. The bolt hits the gnoll.
The gnoll is lightly wounded.
Firing (i - inventory):
d - a bolt (quivered)
Press: ? - help, Shift-Dir - straight line, f/p - gnoll
Aim: a gnoll (lightly wounded)
You shoot a bolt. The bolt barely misses the gnoll.
The bolt hits the gnoll.
The gnoll is moderately wounded.
The gnoll barely misses you.
Wield which item (- for none, * to show all)? (? for menu, Esc to quit)
b - a +0 short sword (weapon)
You hit the gnoll.
The gnoll is moderately wounded.
The gnoll hits you.
* * * LOW HITPOINT WARNING * * *
You closely miss the gnoll.
The gnoll is moderately wounded.
The gnoll closely misses you. The gnoll hits you.
* * * LOW HITPOINT WARNING * * *
The gnoll hits you from afar with a spear.
You die...

### #.....##..(..
..# #####.##.(..
### #.# .... #.#
... #.# ... #.#
#g# #.# #.#
..⌠♣♣♣♣♣♣♣#.###)#
♣......@gg((.(.#
♣.(......'.#####
$.⌠♣♣♣♣♣♣♣#.# ♣
#.# #.# #.# #.#
## #.# .## #.#


You could see 2 gnolls.

Vanquished Creatures
  2 gnolls (D:2)
  3 adders (D:2)
  2 oozes (D:1)
  A worm (D:2)
  3 dart slugs
  7 goblins
  5 hobgoblins
  4 jackals (D:2)
  A ball python (D:2)
  5 bats
  2 frilled lizards
  5 kobolds
  A rat (D:2)
41 creatures vanquished.

Notes
Turn   | Place    | Note
-------+----------+-------------------------------------------
     0 | D:1      | Lanoc the Barachi Hunter began the quest for the Orb.
     0 | D:1      | Reached XP level 1. HP: 17/17 MP: 1/1
   116 | D:1      | Reached XP level 2. HP: 23/23 MP: 2/2
   277 | D:1      | Reached XP level 3. HP: 28/28 MP: 3/3
   828 | D:2      | Reached XP level 4. HP: 16/35 MP: 4/4
  1231 | D:2      | Reached skill level 5 in Crossbows
  1240 | D:2      | Slain by a gnoll

Skill      XL: |  1  2  3  4 |
---------------+-------------+-----
Fighting       | 3 |  3.6
Dodging        | 3 |  3.1
Crossbows      | 5 |  5.1
Stealth        | |  0.8

Action                   |  1- 3 |  4- 6 || total
-------------------------+-------+-------++-------
Melee: Short sword       |       |     2 ||     2
 Fire: Hand crossbow     |    71 |    22 ||    93
 Abil: Hop               |       |     1 ||     1
  Eat: Chunk             |       |     1 ||     1
Armor: Leather armour    |     4 |     1 ||     5
Dodge: Dodged            |    25 |    18 ||    43
